 Dungeon Crawl Stone Soup version 0.26-a0-682-g294304f6e8 (webtiles) character file.

Game seed: 5974414732373406464

9291 Gargoyl the Fighter (level 11, -8/89 HPs)
             Began as a Gnoll Abyssal Knight on Oct 21, 2020.
             Was a High Priest of Lugonu.
             Mangled by an efreet
             ... wielding a +0 scimitar of flaming
              (13 damage)
             ... on level 10 of the Dungeon.
             The game lasted 00:16:08 (10196 turns).

Gargoyl the Fighter (Gnoll Abyssal Knight)         Turns: 10196, Time: 00:16:09

Health: -8/89      AC: 20    Str: 28    XL:     11   Next: 44%
Magic:  20/20      EV: 10    Int: 15    God:    Lugonu [*****.]
Gold:   219        SH: 13    Dex: 17    Spells: 22/22 levels left

rFire    . . .     SeeInvis +   a - +4 hand axe
rCold    . . .     Faith    .   g - +1 kite shield {rPois}
rNeg     . . .     Spirit   .   r - +0 plate armour
rPois    +         Reflect  .   f - +2 helmet
rElec    .         Harm     .   s - scarf {repulsion}
rCorr    .         Rampage  .   e - +2 pair of gloves (curse)
MR       .....                  (no boots)
Stlth    ..........             t - amulet of Patience {Acrobat *Corrode Str+7 Stlth+}
HPRegen  0.24/turn              d - +6 ring of strength
MPRegen  0.17/turn              h - ring of see invisible

@: repel missiles
A: distributed training, claws 1, fangs 1, blurry vision 1, strong nose
a: Depart the Abyss, Bend Space, Banish, Corrupt, Enter the Abyss, Renounce
Religion


You were on level 10 of the Dungeon.
You worshipped Lugonu.
Lugonu was extremely pleased with you.
You visited 1 branch of the dungeon, and saw 10 of its levels.
You visited the Abyss 1 time.

You collected 581 gold pieces.
You spent 362 gold pieces at shops.

Inventory:

Hand Weapons
 a - a +4 hand axe (weapon)
 F - a +0 falchion of holy wrath
Missiles
 o - 3 poisoned darts (quivered)
Armour
 e - a cursed +2 pair of gloves (worn)
 f - a +2 helmet (worn)
 g - a +1 kite shield of poison resistance (worn)
 r - a +0 plate armour (worn)
 s - a scarf of repulsion (worn)
 v - a +1 cloak
Jewellery
 d - a +6 ring of strength (left hand)
 h - a ring of see invisible (right hand)
 t - the amulet of Patience (around neck) {Acrobat *Corrode Str+7 Stlth+}
   (You bought it in a shop on level 9 of the Dungeon)

   [amulet of the acrobat]

   It helps you evade while moving and waiting.
   It affects your strength (+7).
   It may corrode you when you take damage.
   It makes you more stealthy.
Wands
 k - a wand of paralysis (14)
 u - a wand of polymorph (5)
 w - a wand of random effects (23)
 x - a wand of flame (30)
 A - a wand of disintegration (7)
Scrolls
 l - 6 scrolls of remove curse
 m - a scroll of blinking
 n - 2 scrolls of identify
 p - 6 scrolls of teleportation
 y - a scroll of enchant armour
 B - a scroll of enchant weapon
Potions
 b - 3 potions of resistance
 c - a potion of curing
 i - 4 potions of brilliance
 q - 2 potions of stabbing
 z - a potion of invisibility
 C - a potion of haste
 D - a potion of flight


   Skills:
 + Level 9.2 Fighting
 + Level 6.3 Short Blades
 + Level 6.3 Long Blades
 + Level 7.9 Axes
 + Level 6.3 Maces & Flails
 + Level 6.3 Polearms
 + Level 6.3 Staves
 + Level 6.3 Slings
 + Level 6.3 Bows
 + Level 6.3 Crossbows
 + Level 6.3 Throwing
 + Level 7.9 Armour
 + Level 6.8 Dodging
 + Level 6.3 Stealth
 + Level 6.3 Shields
 + Level 6.3 Unarmed Combat
 + Level 6.3 Spellcasting
 + Level 5.2 Conjurations
 + Level 5.2 Hexes
 + Level 5.2 Summonings
 + Level 5.2 Necromancy
 + Level 5.2 Translocations
 + Level 5.2 Transmutations
 + Level 5.2 Fire Magic
 + Level 5.2 Ice Magic
 + Level 5.2 Air Magic
 + Level 5.2 Earth Magic
 + Level 5.2 Poison Magic
 + Level 8.4 Invocations
 + Level 6.3 Evocations


You had 22 spell levels left.
You didn't know any spells.
Your spell library contained the following spells:

 Spells                   Type           Power        Failure   Level
 Foxfire                  Conj/Fire      ###.         43%         1
 Magic Dart               Conj           ###.         43%         1
 Sandblast                Erth           ###...       43%         1
 Blink                    Tloc           N/A          58%         2
 Call Imp                 Summ           ###.....     58%         2
 Passwall                 Tmut/Erth      ###.....     58%         2
 Searing Ray              Conj           ###...       58%         2
 Slow                     Hex            ###.....     58%         2
 Conjure Flame            Conj/Fire      ###.....     82%         3
 Dazzling Flash           Conj/Hex       ###...       82%         3
 Inner Flame              Hex/Fire       ###.....     82%         3
 Mephitic Cloud           Conj/Pois/Air  ###.....     82%         3
 Stone Arrow              Conj/Erth      ###...       82%         3
 Fulminant Prism          Conj/Hex       ###.......   99%         4
 Iskenderun's Mystic Bla  Conj/Tloc      ###.....     99%         4
 Petrify                  Tmut/Erth      ###.....     99%         4
 Sticky Flame             Conj/Fire      ###.....     99%         4
 Fireball                 Conj/Fire      ###.......   100%        5
 Lee's Rapid Deconstruct  Erth           ###.......   100%        5


Dungeon Overview and Level Annotations

Branches:
Dungeon (10/15)            Temple (0/1) D:5            Lair (0/6) D:10
    Orc: D:9-12

Altars:
Ashenzari
Elyvilon
Kikubaaqudgha
Makhleb
Nemelex Xobeh
Sif Muna
Vehumet
Yredelemnul
The Shining One
Beogh

Shops:
D:7 [   D:9 *

Annotations:
D:3 2 transporters


Innate Abilities, Weirdness & Mutations

Your experience applies equally to all skills.
You have very sharp teeth.
Your uncanny sense of smell can sniff out nearby items.
You have sharp fingernails.
Scrolls take you a little longer to read.


Message History

The bolt of fire is repelled.
You slash the efreet!
The efreet is lightly wounded.
The efreet gestures at you.
The fireball explodes!
The fireball engulfs you.
The fireball engulfs the efreet.
The efreet completely resists.
You slash the efreet!
The efreet is heavily wounded.
The efreet hits you with a +0 scimitar of flaming.
The efreet burns you.
You barely miss the efreet. You bite the efreet, but do no damage.
The efreet is heavily wounded.
The efreet gestures at you.
The fireball explodes!
The fireball engulfs you!!
* * * LOW HITPOINT WARNING * * *
The fireball engulfs the efreet.
The efreet completely resists.
You slash the efreet!
The efreet is severely wounded.
The efreet hits you with a +0 scimitar of flaming!
You die...

##[...# ###.###
#........ ##..#.##
#.....# ##.#.[...
#..#### ##.....##
####.... #.##∆ .......∆
∆##..# #..#### .○...
####...# ##..#)## ...
##.#....# ##....# #°#
#......## ###.##∆ ##R##
∆##....##
#..######@..######...###
##..##/.......?##....#
##..####...####..(.##
##..#.##.##.#....##
##....'.#......##
##..##}##....##
#...###...###
#....#....# ##.......##


You could see an efreet.

Vanquished Creatures
  A two-headed ogre (D:9)
  An ugly thing (D:10)
  A gargoyle (D:10)
  3 centaur skeletons
  A komodo dragon (D:10)
  3 trolls (D:10)
  3 yaks (D:9)
  A water moccasin (D:8)
  5 ice beasts
  4 orc warriors
  2 phantoms
  A sky beast (D:7)
  A necrophage (D:9)
  5 ogres
  4 wolves (D:10)
  3 centaurs
  A big kobold (D:7)
  9 bullfrogs
  A water moccasin skeleton (D:7)
  6 scorpions
  9 howler monkeys
  3 bullfrog zombies
  A centaur zombie (D:8)
  2 jellies
  4 bullfrog skeletons
  8 hounds
  7 orc priests
  11 orc wizards
  2 iguanas
  8 worker ants
  A hound zombie (D:10)
  2 hound skeletons
  Robin (D:2)
  A gnoll (D:1)
  13 adders
  2 shadow imps
  A white imp (D:10)
  2 ufetubi
  An ooze (D:1)
  An adder skeleton (D:7)
  2 worms
  2 dart slugs
  6 leopard geckos
  33 orcs
  13 giant cockroaches
  10 hobgoblins
  3 jackals (D:3)
  8 quokkas
  A ball python (D:3)
  5 bats
  5 frilled lizards
  18 goblins
  15 kobolds
  7 rats
264 creatures vanquished.

Vanquished Creatures (others)
  A centaur zombie (D:10)
  An adder skeleton (D:10)
2 creatures vanquished.

Grand Total: 266 creatures vanquished

Notes
Turn   | Place    | Note
-------+----------+-------------------------------------------
     0 | Abyss:1  | Gargoyl the Gnoll Abyssal Knight began the quest for the
                  | Orb.
     0 | Abyss:1  | Reached XP level 1. HP: 23/23 MP: 3/3
   106 | D:1      | Escaped the Abyss
   140 | D:1      | Reached XP level 2. HP: 12/29 MP: 5/5
   346 | D:1      | Reached * piety under Lugonu
   755 | D:1      | Reached XP level 3. HP: 34/35 MP: 6/6
  1335 | D:2      | Reached skill level 1 in Short Blades
  1335 | D:2      | Reached skill level 1 in Long Blades
  1335 | D:2      | Reached skill level 1 in Maces & Flails
  1335 | D:2      | Reached skill level 1 in Polearms
  1335 | D:2      | Reached skill level 1 in Staves
  1335 | D:2      | Reached skill level 1 in Slings
  1335 | D:2      | Reached skill level 1 in Bows
  1335 | D:2      | Reached skill level 1 in Crossbows
  1335 | D:2      | Reached skill level 1 in Throwing
  1335 | D:2      | Reached skill level 1 in Stealth
  1335 | D:2      | Reached skill level 1 in Shields
  1335 | D:2      | Reached skill level 1 in Unarmed Combat
  1335 | D:2      | Reached skill level 1 in Spellcasting
  1335 | D:2      | Reached skill level 1 in Evocations
  1604 | D:2      | Reached XP level 4. HP: 37/41 MP: 7/7
  1677 | D:2      | Noticed Robin
  1679 | D:2      | Reached ** piety under Lugonu
  1683 | D:2      | Reached skill level 1 in Conjurations
  1683 | D:2      | Reached skill level 1 in Hexes
  1683 | D:2      | Reached skill level 1 in Summonings
  1683 | D:2      | Reached skill level 1 in Necromancy
  1683 | D:2      | Reached skill level 1 in Translocations
  1683 | D:2      | Reached skill level 1 in Transmutations
  1683 | D:2      | Reached skill level 1 in Fire Magic
  1683 | D:2      | Reached skill level 1 in Ice Magic
  1683 | D:2      | Reached skill level 1 in Air Magic
  1683 | D:2      | Reached skill level 1 in Earth Magic
  1683 | D:2      | Reached skill level 1 in Poison Magic
  1690 | D:2      | Killed Robin
  2172 | D:3      | Found a transporter.
  2241 | D:3      | Found a transporter.
  2351 | D:3      | Reached XP level 5. HP: 42/47 MP: 8/8
  2399 | D:3      | Noticed an ogre
  2410 | D:3      | Killed an ogre
  2410 | D:3      | Reached skill level 5 in Invocations
  2425 | D:3      | Found an ancient bone altar of Kikubaaqudgha.
  2426 | D:3      | Found a sparkling altar of Nemelex Xobeh.
  2520 | D:3      | Reached XP level 6. HP: 53/53 MP: 9/9
  2920 | D:4      | Reached skill level 5 in Axes
  2920 | D:4      | Reached skill level 5 in Armour
  3202 | D:4      | Reached *** piety under Lugonu
  3202 | D:4      | Reached XP level 7. HP: 59/59 MP: 10/10
  3335 | D:5      | Entered Level 5 of the Dungeon
  3335 | D:5      | Found a staircase to the Ecumenical Temple.
  3376 | D:5      | Reached skill level 7 in Fighting
  3951 | D:5      | Reached XP level 8. HP: 67/67 MP: 12/12
  4064 | D:5      | Found a radiant altar of Vehumet.
  4578 | D:5      | Got a fine leather armour
  4589 | D:5      | Identified the cursed +1 leather armour "Lakecvua" {Rampage
                  | rC+ Slay-5 Stlth+} (You found it on level 5 of the Dungeon)
  4769 | D:5      | Gained mutation: Scrolls take you a little longer to read.
                  | [potion of mutation]
  4769 | D:5      | Gained mutation: You have sharp fingernails. [potion of
                  | mutation]
  5526 | D:6      | Found a shimmering blue altar of Sif Muna.
  5561 | D:6      | Reached XP level 9. HP: 65/72 MP: 14/14
  5838 | D:7      | Reached **** piety under Lugonu
  5995 | D:7      | Reached skill level 5 in Dodging
  6166 | D:7      | Reached skill level 8 in Fighting
  6337 | D:7      | Found Tiul's Antique Armour Shoppe.
  6351 | D:7      | Found a burning altar of Makhleb.
  6513 | D:7      | Found a basalt altar of Yredelemnul.
  6518 | D:7      | Found a glowing golden altar of the Shining One.
  6531 | D:7      | Noticed an angel
  6550 | D:8      | Found a broken altar of Ashenzari.
  6751 | D:8      | Identified a scroll of acquirement
  6751 | D:8      | Acquired a scarf of repulsion
  6868 | D:8      | Reached XP level 10. HP: 62/80 MP: 17/17
  7063 | D:8      | Reached skill level 5 in Short Blades
  7063 | D:8      | Reached skill level 5 in Long Blades
  7063 | D:8      | Reached skill level 5 in Maces & Flails
  7063 | D:8      | Reached skill level 5 in Polearms
  7063 | D:8      | Reached skill level 5 in Staves
  7063 | D:8      | Reached skill level 5 in Slings
  7063 | D:8      | Reached skill level 5 in Bows
  7063 | D:8      | Reached skill level 5 in Crossbows
  7063 | D:8      | Reached skill level 5 in Throwing
  7063 | D:8      | Reached skill level 5 in Stealth
  7063 | D:8      | Reached skill level 5 in Shields
  7063 | D:8      | Reached skill level 5 in Unarmed Combat
  7063 | D:8      | Reached skill level 5 in Spellcasting
  7063 | D:8      | Reached skill level 5 in Evocations
  7290 | D:8      | Found a roughly hewn altar of Beogh.
  7544 | D:9      | Found Hoehufe's Assorted Antiques.
  7573 | D:9      | Bought a shiny kite shield for 217 gold pieces
  7573 | D:9      | Bought a faintly glowing sapphire amulet for 145 gold
                  | pieces
  7575 | D:9      | Identified the amulet of Patience {Acrobat *Corrode Str+7
                  | Stlth+} (You bought it in a shop on level 9 of the Dungeon)
  8388 | D:9      | Reached ***** piety under Lugonu
  8394 | D:9      | Found a white marble altar of Elyvilon.
  8684 | D:9      | Noticed a two-headed ogre
  8702 | D:9      | Killed a two-headed ogre
  8850 | D:10     | Entered Level 10 of the Dungeon
  9009 | D:10     | Noticed a gargoyle
  9024 | D:10     | Killed a gargoyle
  9036 | D:10     | Reached XP level 11. HP: 32/87 MP: 19/19
  9306 | D:10     | Reached skill level 9 in Fighting
  9753 | D:10     | Reached skill level 5 in Conjurations
  9753 | D:10     | Reached skill level 5 in Hexes
  9753 | D:10     | Reached skill level 5 in Summonings
  9753 | D:10     | Reached skill level 5 in Necromancy
  9753 | D:10     | Reached skill level 5 in Translocations
  9753 | D:10     | Reached skill level 5 in Transmutations
  9753 | D:10     | Reached skill level 5 in Fire Magic
  9753 | D:10     | Reached skill level 5 in Ice Magic
  9753 | D:10     | Reached skill level 5 in Air Magic
  9753 | D:10     | Reached skill level 5 in Earth Magic
  9753 | D:10     | Reached skill level 5 in Poison Magic
 10042 | D:10     | Found a staircase to the Lair.
 10123 | D:10     | Noticed a five-headed hydra
 10133 | D:10     | Banished a five-headed hydra
 10153 | D:10     | Noticed a cyan ugly thing
 10178 | D:10     | Killed a cyan ugly thing
 10196 | D:10     | Mangled by an efreet

Illustrated notes

Levels and vault maps discovered:
D:1:      doesnt_arrival_eight_statues, layout_loops_cross, minmay_heptomino_h4
D:2:      minmay_recursive_quarters, layout_basic, dk_noncrumbling_4, uniq_robin
D:3:      gammafunk_steamed_eel, layout_loops_ring,
          chequers_temple_overflow_statue_of_worship
D:4:      layout_rooms
D:5:      layout_cave_pods, vehumet_altar_wand_db, minmay_temple_entry_grid,
          grunt_decor_arrowhead
D:6:      layout_cave_pools, old_standard_altar
D:7:      layout_basic, grunt_temple_overflow_holy_war, bloody_makhleb,
          serial_shops, shop
D:8:      layout_basic, cheibrodos_ashenzari_chains, david_defended_altar_orc
D:9:      layout_stronghold, kennysheep_mini_moat, serial_shops,
          nicolae_shop_trees
D:10:     layout_rooms, erik_lair_island, minmay_fractal_squares_gapless_7

Skill      XL: |  1  2  3  4  5  6  7  8  9 10 11 |
---------------+----------------------------------+-----
Short Blades   | 1 2 3 4 5 6 |  6.3
Long Blades    | 1 2 3 4 5 6 |  6.3
Maces & Flails | 1 2 3 4 5 6 |  6.3
Polearms       | 1 2 3 4 5 6 |  6.3
Staves         | 1 2 3 4 5 6 |  6.3
Slings         | 1 2 3 4 5 6 |  6.3
Bows           | 1 2 3 4 5 6 |  6.3
Crossbows      | 1 2 3 4 5 6 |  6.3
Throwing       | 1 2 3 4 5 6 |  6.3
Stealth        | 1 2 3 4 5 6 |  6.3
Shields        | 1 2 3 4 5 6 |  6.3
Unarmed Combat | 1 2 3 4 5 6 |  6.3
Spellcasting   | 1 2 3 4 5 6 |  6.3
Evocations     | 1 2 3 4 5 6 |  6.3
Conjurations   | 1 2 3 4 5 |  5.2
Hexes          | 1 2 3 4 5 |  5.2
Summonings     | 1 2 3 4 5 |  5.2
Necromancy     | 1 2 3 4 5 |  5.2
Translocations | 1 2 3 4 5 |  5.2
Transmutations | 1 2 3 4 5 |  5.2
Fire Magic     | 1 2 3 4 5 |  5.2
Ice Magic      | 1 2 3 4 5 |  5.2
Air Magic      | 1 2 3 4 5 |  5.2
Earth Magic    | 1 2 3 4 5 |  5.2
Poison Magic   | 1 2 3 4 5 |  5.2
Dodging        | 3 4 5 6 |  6.8
Invocations    | 5 6 7 8 |  8.4
Axes           | 5 6 7 |  7.9
Armour         | 5 6 7 |  7.9
Fighting       | 7 8 9 |  9.2

Action                   |  1- 3 |  4- 6 |  7- 9 | 10-12 || total
-------------------------+-------+-------+-------+-------++-------
Melee: Hand axe          |   100 |   156 |   428 |   353 ||  1037
       Bite              |    10 |    14 |    74 |    79 ||   177
       Unarmed           |       |       |       |     1 ||     1
Throw: Dart              |       |       |     1 |    24 ||    25
Invok: Depart the Abyss  |     1 |       |       |       ||     1
       Banish            |       |       |       |     4 ||     4
  Use: Scroll            |     9 |     4 |     8 |    11 ||    32
       Potion            |       |       |    11 |     3 ||    14
 Stab: Sleeping          |     2 |       |     3 |       ||     5
Armor: Leather armour    |     8 |       |       |       ||     8
       Ring mail         |    10 |    25 |       |       ||    35
       Plate armour      |       |    26 |   170 |   124 ||   320
       Skin              |       |       |     1 |       ||     1
Dodge: Dodged            |    32 |    24 |    58 |   105 ||   219
       Repelled          |       |       |       |     5 ||     5
Block: Tower shield      |    49 |   105 |   371 |    32 ||   557
       Kite shield       |       |       |       |   164 ||   164

Table legend: (Time is in decaauts)
 A = Elapsed time spent in this place.
 B = Non-inter-level travel time spent in this place.
 C = Inter-level travel time spent in this place.
 D = Time resting spent in this place.
 E = Time spent auto-exploring this place.
 F = Levels seen in this place.
 G = Mean time per level.
                   A        B        C        D        E       F      G
               +--------+--------+--------+--------+--------+-----+--------+
         Total |  10291 |  10164 |    127 |   1588 |   6179 |  11 |  935.5 |
       Dungeon |  10186 |  10059 |    127 |   1588 |   6078 |  10 | 1018.6 |
         Abyss |    105 |    105 |      0 |      0 |    101 |   1 |  105.0 |
               +--------+--------+--------+--------+--------+-----+--------+

Top non-repeatable levels by time:
     D:5: 1780 daAuts
    D:10: 1343 daAuts
     D:9: 1325 daAuts
     D:1: 1045 daAuts
     D:2: 1027 daAuts
     D:8: 977 daAuts
     D:7: 745 daAuts
     D:6: 730 daAuts
     D:3: 714 daAuts
     D:4: 497 daAuts
 Abyss:1: 105 daAuts
